 BcadrenCrawl: Boulder Brew version 0.03.2.1-54-g1668231259 (webtiles) character file.

Game seed: 15282984163602212859, levelgen mode: deterministic

1264 esc the Shooter (level 8, -2/60 HPs) Lignifite Noble. Began on Jan 31, 2021. Was an Initiate of Gozag Ym Sagoz. Slain by a bullfrog zombie (5 damage) ... on level 4 of the Dungeon. The game lasted 00:07:15 (3131 turns).

esc the Shooter (Lignifite Noble)                   Turns: 3131, Time: 00:07:18

Health: -2/60      AC:  1    Str: 22    XL:     8 ^: 991
Magic:  10/10      EV: 16    Int: 11    God:    Gozag Ym Sagoz
Gold:   385        SH:  3    Dex: 18    Spells: 9/9 levels left

rFire    x . .     Vision   .   d - +0 shortbow
rCold    . . .     Gourm    .   (also wielding the above weapon)
rNeg     . . .     Faith    .   a - +0 robe
rPois    +         Spirit   .   (helmet restricted)
rElec    .         Reflect  .   (no cloak)
rCorr    .         Harm     .   (gloves unavailable)
MR       .....                  (boots unavailable)
Stlth    ++........             (no amulet)
HPRegen  0.30/turn              e - ring of dexterity
MPRegen  0.20/turn              f - ring of strength

@: gold aura, quick
A: small, rF-, deformed body, speed 1, poison resistance, slow metabolism 1,
torment resistance, plant, rot immunity
a: Potion Petition, Call Merchant, Bribe Branch, Renounce Religion


You were on level 4 of the Dungeon.
You worshipped Gozag Ym Sagoz.
Gozag Ym Sagoz was aware of your devotion.
You were not hungry.

You visited 1 branch of the dungeon, and saw 4 of its levels.
You also visited: Market.

You collected 393 gold pieces.
You spent 958 gold pieces at shops.
You paid 50 gold pieces to Gozag.

Inventory:

Weapons
 c - a +0 longbow
 d - a +0 shortbow (weapon) Shields
 i - a +0 buckler
Armour
 a - a +0 robe (worn)
Jewellery
 e - a ring of dexterity (left hand)
 f - a ring of strength (right hand)
Wands
 m - a wand of random effects (2)
Scrolls
 l - 3 scrolls of torment
 o - a scroll of teleportation
 p - a scroll of fear
 r - a scroll of amnesia
 t - a scroll of bless item
 u - a scroll of magic mapping
Potions
 g - 2 potions of curing
 h - a potion of ambrosia
 j - 2 potions of resistance
 k - 3 potions of heal wounds
 n - 2 potions of might
 q - 2 potions of haste
 s - a potion of cancellation
Comestibles
 b - 7 rations


   Skills:
 + Level 3.9 Fighting
 * Level 6.8 Bows
 + Level 3.3 Dodging
 - Level 0.8 Stealth
 - Level 1.1 Spellcasting


You had 9 spell levels left.
You didn't know any spells.
Your spell library was empty.

Dungeon Overview and Level Annotations

Branches:
Dungeon (4/8)
 Temple: D:4

Altars:
Cheibriados
Gozag Ym Sagoz


Innate Abilities, Weirdness & Mutations

Your woody flesh burns easily. (rF-)
A tangle of shorter branches protects your body from attack. (+3 SH)
You are small and have problems with some larger weapons.
Armour fits poorly on your strangely shaped body.
You cover ground quickly.
Your system is resistant to poisons. (rPois)
You have a slow metabolism.
You are immune to unholy pain and torment.
You require very little carbon dioxide to survive.
You are immune to rotting.


Message History

Aiming:
d - a +0 shortbow, Range: 1 (25%)
Press: ? - help, Shift-Dir - straight line, f - bullfrog zombie
Aim: a bullfrog zombie (moderately damaged (21/30))
You shoot an arrow. The arrow hits the bullfrog zombie (4).
The bullfrog zombie is heavily damaged. (17/30) HP The bullfrog zombie hits you (4).
* * * LOW HITPOINT WARNING * * *
Okay, then.
Press: ? - help, v - describe, . - travel
Here: a bullfrog zombie (heavily damaged (17/30))
Aiming:
d - a +0 shortbow, Range: 1 (25%)
Press: ? - help, Shift-Dir - straight line, f - bullfrog zombie
Aim: a bullfrog zombie (heavily damaged (17/30))
You shoot an arrow. The arrow hits the bullfrog zombie (5).
The bullfrog zombie is severely damaged. (12/30) HP The bullfrog zombie hits you (6).
* * * LOW HITPOINT WARNING * * *
The bullfrog zombie hits you (5).
You die...
Your body crumbles into a pile of gold.

.....?. ##.......
#..####..=.$...
#............. #.#
....... #.# $ #........
#.# #........##$#
.........##@# .
#........##Z# .#
#........##.# ..#
#...........####### #..#
#.........#........
#..##.........#........
#.....####...#........
#.<...####...#........
....###...##...#........


You could see a bullfrog zombie.

Vanquished Creatures
  A scorpion (D:3)
  A sky beast (D:4)
  An ogre (D:3)
  A crocodile (D:2)
  2 big kobolds (D:2)
  A bullfrog (D:4)
  4 jellies
  Crazy Yiuf (D:2)
  2 worker ants
  6 giant cockroaches
  2 bullfrog skeletons
  A porcupine skeleton (D:3)
  9 adders
  A gnoll (D:1)
  25 sewer rats (D:2)
  6 cinder newts
  A worm (D:2)
  An ooze (D:1)
  A dart slug (D:1)
  5 leopard geckos
  An orc (D:3)
  A ball python (D:2)
  4 goblins (D:1)
  4 hobgoblins (D:1)
  8 kobolds
  A quokka (D:4)
  8 bats
  4 rats (D:1)
  2 withered plants (D:2)
105 creatures vanquished.

Vanquished Creatures (others)
  A giant cockroach (D:2)
  An adder (D:2)
  A sewer rat (D:2)
  A leopard gecko (D:2)
  A giant blowfly (D:2)
  170 withered plants (D:2)
175 creatures vanquished.

Grand Total: 280 creatures vanquished

Notes
Turn   | Place    | Note
-------+----------+-------------------------------------------
     0 | Start Ma | esc the Lignifite Noble began the quest for the Orb.
     0 | Start Ma | Reached XP level 1. HP: 12/12 MP: 3/3
     0 | Start Ma | Found Yngumyuvuo's Expert Tomes.
     3 | Start Ma | Found Hostier's Auxillary Armour.
     6 | Start Ma | Bought a +0 longbow for 180 gold pieces
     6 | Start Ma | Bought a +0 shortbow for 120 gold pieces
    13 | Start Ma | Found Eduzin's Mashing MeleeMart.
    23 | Start Ma | Bought an uncursed ring of dexterity for 329 gold pieces
    23 | Start Ma | Bought an uncursed ring of strength for 329 gold pieces
    32 | D:1      | esc set off with the following items: a +0 robe, a ration,
                  | a +0 longbow, a +0 shortbow, a ring of dexterity, a ring of
                  | strength
   101 | D:1      | Reached skill level 1 in Bows
   101 | D:1      | Reached XP level 2. HP: 18/18 MP: 4/4
   121 | D:1      | Reached skill level 2 in Bows
   170 | D:1      | Reached XP level 3. HP: 23/23 MP: 5/5
   665 | D:1      | Reached skill level 3 in Bows
   665 | D:1      | Reached XP level 4. HP: 28/28 MP: 6/6
  1181 | D:2      | Reached XP level 5. HP: 33/33 MP: 7/7
  1200 | D:2      | Reached skill level 4 in Bows
  1519 | D:2      | Reached XP level 6. HP: 38/38 MP: 8/8
  1524 | D:2      | Reached skill level 5 in Bows
  1575 | D:2      | Found a runed translucent door.
  1577 | D:2      | Noticed Crazy Yiuf
  1774 | D:2      | Found a snail-covered altar of Cheibriados.
  1930 | D:2      | Found an opulent altar of Gozag.
  1938 | D:2      | Became a worshipper of Gozag Ym Sagoz the Greedy
  2006 | D:2      | Reached skill level 1 in Dodging
  2006 | D:2      | Reached XP level 7. HP: 43/43 MP: 9/9
  2013 | D:2      | Reached skill level 6 in Bows
  2372 | D:2      | Killed Crazy Yiuf
  2790 | D:3      | Reached XP level 8. HP: 58/58 MP: 10/10
  3131 | D:4      | HP: 3/60 [bullfrog zombie (6)]
  3131 | D:4      | Slain by a bullfrog zombie

Levels and vault maps discovered:
D:1:      mrwooster_arrival_statue_3, layout_basic, first_ration
D:2:      layout_sewer, grunt_gozag_breadcrumbs, basic_altar,
          uniq_crazy_yiuf_cottage
D:3:      layout_basic
D:4:      layout_rooms, minmay_temple_entry_drinking_statues, serial_undead,
          serial_undead_d, serial_undead_d, serial_undead_a, serial_undead_b,
          serial_undead_c, serial_undead_c

Skill      XL: |  1  2  3  4  5  6  7  8 |
---------------+-------------------------+-----
Bows           | 1 2 3 4 5 6 |  6.8
Dodging        | 1 2 3 |  3.3
Fighting       | 3 |  3.9
Stealth        | |  0.8
Spellcasting   | |  1.1

Action                   |  1- 3 |  4- 6 |  7- 9 || total
-------------------------+-------+-------+-------++-------
 Fire: Shortbow          |    32 |   155 |    89 ||   276
  Use: Scroll            |       |     1 |       ||     1
       Potion            |       |     1 |       ||     1
  Eat: Chunk             |       |     1 |       ||     1
       Ration            |       |       |     1 ||     1
Armor: Robe              |       |     6 |       ||     6
Dodge: Dodged            |     1 |    88 |    16 ||   105
Block: Other             |     1 |    12 |       ||    13
